 Dungeon Crawl Stone Soup version 0.18-a0-1105-ge9caa06 (webtiles) character file.

412 Reinor the Insei (level 6, 0/70 HPs)
             Began as a Demonspawn Monk on Jan 16, 2016.
             Slain by a river rat (3 damage)
             ... in a sewer.
             The game lasted 00:11:14 (2957 turns).

Reinor the Insei (Demonspawn Monk)                  Turns: 2957, Time: 00:11:14

Health: 0/70       AC: 23    Str: 11    XL:     6   Next: 59%
Magic:  6/6        EV:  2    Int: 11    God:
Gold:   41         SH:  0    Dex: 18    Spells: 0 memorised, 5 levels left

rFire  . . .     SeeInvis .       - Unarmed
rCold  . . .     Gourm    .     (armour currently unavailable)
rNeg   + + +     Faith    .     (no shield)
rPois  +         Spirit   .     (helmet currently unavailable)
rElec  .         Dismiss  .     (cloak currently unavailable)
rCorr  .         Reflect  .     (gloves currently unavailable)
SustAt .         Harm     .     (boots currently unavailable)
MR     .....     NoTele   +     (no amulet)
Stlth  ++++......               k - +5 ring of evasion
                                i - +4 ring of evasion

@: tree-form, not resistant to hostile enchantments, stealthy
A: (horns 0), nightstalker 1, rot immunity
a: no special abilities


You were in a sewer.
You were not hungry.
You were a tree.
You visited 1 branch of the dungeon, and saw 3 of its levels.
You also visited: Sewer.

You collected 41 gold pieces.

Inventory:

Missiles
 m - 20 poisoned needles
 u - 8 tomahawks of dispersal (quivered)
Armour
 a - a +0 robe (melded)
 d - a +0 cloak (melded)
 t - a +1 scale mail of fire resistance
 v - a +0 shield
Jewellery
 i - a +4 ring of evasion (left branch)
 k - a +5 ring of evasion (right branch)
 w - an uncursed amulet of magic regeneration {unknown}
Scrolls
 c - a scroll of enchant weapon
 e - a scroll of fog
 f - 2 scrolls of remove curse
 h - 2 scrolls of identify
 q - a scroll of teleportation
 y - 2 scrolls of magic mapping {unknown}
Potions
 g - 4 potions of haste
 n - 2 potions of invisibility
 r - a potion of magic {unknown}
Comestibles
 b - a bread ration
 l - 2 meat rations
 p - 5 chunks of flesh
 s - a beef jerky


   Skills:
 - Level 3.0 Fighting
 - Level 2.6 Dodging
 + Level 3.4 Stealth
 - Level 6.7 Unarmed Combat


You had 5 spell levels left.
You didn't know any spells.

Dungeon Overview and Level Annotations

Branches:
Dungeon (3/15)

Altars:
Gozag


Innate Abilities, Weirdness & Mutations

((You have a pair of horns on your head.))
You are slightly more attuned to the shadows.
You are immune to rotting.


Message History

You hit the river rat but do no damage.
The river rat bites you but does no damage. x2
You smack the river rat!
You kill the river rat!
The river rat bites you but does no damage.
You hit the river rat but do no damage.
The river rat bites you but does no damage.
You completely miss the river rat. The river rat completely misses you.
You barely miss the river rat. You hit the river rat.
The river rat is moderately wounded.
The river rat bites you.
* * * LOW HITPOINT WARNING * * *
You closely miss the river rat.
The river rat is moderately wounded.
The river rat bites you but does no damage.
You barely miss the river rat.
The river rat is moderately wounded.
The river rat bites you.
You die...

#≈≈≈≈≈≈#
#≈≈.[.≈#
#≈≈≈≈≈≈#
#≈.≈..≈#
#≈≈≈≈≈≈#
#≈≈≈≈≈≈#
#≈≈≈≈≈≈#
#≈≈≈≈≈≈#
#≈≈≈≈≈≈#
#≈≈≈≈≈≈#
#≈≈≈≈≈≈#
#≈≈≈≈≈≈#
#≈≈≈≈≈≈#
#≈≈≈≈≈≈#
#≈≈.≈.≈#
#r≈†≈≈≈#
##......#
#♣†....#
#......##
##......#
.......#
#........
......##
##.......
.....##
##......
...###
##...
#### ## #


You could see a river rat.

Vanquished Creatures
  Sigmund (D:2)
  10 adders
  5 river rats (Sewer)
  An ooze (D:2)
  3 worms (D:2)
  3 giant geckos
  An orc (D:3)
  7 ball pythons
  2 giant cockroaches
  10 hobgoblins
  4 jackals
  10 kobolds
  5 quokkas
  4 bats
  7 giant newts
  2 goblins
  26 rats
101 creatures vanquished.

Notes
Turn   | Place    | Note
--------------------------------------------------------------
     0 | D:1      | Reinor the Demonspawn Monk began the quest for the Orb.
     0 | D:1      | Reached XP level 1. HP: 18/18 MP: 1/1
   256 | D:1      | Reached skill level 4 in Unarmed Combat
   280 | D:1      | Gained mutation: You have a pair of small horns on your head. [demonic ancestry]
   280 | D:1      | Reached XP level 2. HP: 24/24 MP: 2/2
   325 | D:1      | HP: 1/24 [kobold/uncursed short sword (5)]
   951 | D:1      | Gained mutation: You are slightly more attuned to the shadows. [demonic ancestry]
   951 | D:1      | Reached XP level 3. HP: 24/29 MP: 3/3
  1401 | D:2      | Reached skill level 5 in Unarmed Combat
  1430 | D:2      | Gained mutation: You have a pair of horns on your head. [demonic ancestry]
  1430 | D:2      | Reached XP level 4. HP: 21/35 MP: 4/4
  1938 | D:2      | Noticed Sigmund
  1961 | D:2      | Killed Sigmund
  1961 | D:2      | Reached skill level 6 in Unarmed Combat
  1961 | D:2      | Reached XP level 5. HP: 41/41 MP: 5/5
  1961 | D:2      | Gained mutation: You are immune to rotting. [demonic ancestry]
  1961 | D:2      | Reached XP level 6. HP: 47/47 MP: 6/6
  2282 | D:3      | Found an opulent altar of Gozag.
  2731 | D:3      | Found a glowing drain.
  2739 | Sewer    | Entered a sewer
  2946 | Sewer    | HP: 1/47 [river rat (4)]
  2955 | Sewer    | HP: 3/70 [river rat (4)]
  2957 | Sewer    | Slain by a river rat

Vault maps used:
D:1:      dpeg_arrival_arbitrary_b
D:2:      uniq_sigmund
D:3:      lemuel_doored_altar, fiery_altar_vehumet, lightli_sewer_entry_pipes,
          minmay_fountain_box, uniq_natasha, uniq_crazy_yiuf_cottage
Sewer:    sewer_minmay_w

Action                   |  1- 3 |  4- 6 || total
-------------------------+-------+-------++-------
Melee: Unarmed           |   125 |   178 ||   303
  Use: Scroll            |       |    12 ||    12
       Potion            |       |     4 ||     4
 Stab: Sleeping          |     5 |    11 ||    16
       Distracted        |     1 |       ||     1
  Eat: Chunk             |     2 |     5 ||     7
